 Dungeon Crawl Stone Soup version 0.26.1-11-gd32895ea62 (webtiles) character file.

Game seed: 17253902634142472918

84 infcreate the Sneak (level 4, -1/25 HPs)
             Began as a Vampire Enchanter on Apr 22, 2021.
             Slain by an adder (2 damage)
             ... on level 2 of the Dungeon.
             The game lasted 00:08:20 (1564 turns).

infcreate the Sneak (Vampire Enchanter)             Turns: 1564, Time: 00:08:20

Health: -1/25      AC:  3    Str:  7    XL:     4   Next: 23%
Magic:  0/7        EV: 13    Int: 17    God:
Gold:   63         SH:  0    Dex: 15    Spells: 1/7 levels left

rFire    . . .     SeeInvis +   a - +1 dagger
rCold    + + .     Faith    .   (no shield)
rNeg     + + +     Spirit   .   b - +0 robe
rPois    ∞         Reflect  .   h - +0 helmet
rElec    .         Harm     .   (no cloak)
rCorr    .         Rampage  .   (no gloves)
Will     .....                  (no boots)
Stlth    +++++.....             (no amulet)
HPRegen  0.00/turn              (no ring)
MPRegen  0.10/turn              (no ring)

@: bloodless
A: fangs 3, see invisible, unbreathing
a: Bat Form, Revivify


You were on level 2 of the Dungeon.
You visited 1 branch of the dungeon, and saw 2 of its levels.

You collected 63 gold pieces.


Innate Abilities, Weirdness & Mutations

You do not regenerate when monsters are visible.
You are frail without blood (-20% HP).
You can heal yourself when you bite living creatures.
You are immune to poison.
You have razor-sharp teeth.
You have supernaturally acute eyesight. (SInv)
You can survive without breathing.


   Skills:
 + Level 1.0 Fighting
 * Level 2.1 Short Blades
 * Level 2.9 Dodging
 * Level 5.2 Stealth
 + Level 2.2 Spellcasting
 * Level 5.1 Hexes


You had one spell level left.
You knew the following spells:

 Your Spells              Type           Power        Failure   Level
c - Corona                Hex            21%          2%          1
e - Ensorcelled Hibernat  Hex/Ice        20%          10%         2
t - Confusing Touch       Hex            19%          7%          3

Your spell library contained the following spells:

 Spells                   Type           Power        Failure   Level
 Tukima's Dance           Hex            19%          7%          3
 Dazzling Flash           Conj/Hex       20%          21%         3

Inventory:

Hand Weapons
 a - a +1 dagger (weapon)
Armour
 b - a +0 robe (worn)
 h - a +0 helmet (worn)
Scrolls
 c - 2 scrolls of remove curse {@r2}
 d - a scroll of amnesia {unknown}
 f - a scroll of identify {unknown}
 g - a scroll of enchant weapon {unknown}
 i - a scroll of fear {unknown}
Potions
 e - a potion of mutation {unknown}

Dungeon Overview and Level Annotations

Branches:
Dungeon (2/15)

Altars:

#..# #.# #.##.#
##+##..#####.# #.##.#
#.....>....#.#####.##.#
#.....####.#.......##.#
#..... #.#.......##.#
#.....
#.#.......##(#######
#.....
#.#.......##..((...#
#.....
###.#.........######)#
##+#####......S@.....#
#.# ###.
##......###......# #.#
....##.........###....#
#.#
##...#.##........##...#
#.#
.......#..######..#..##
#.#
###...##.##....##.##..#
#.# #...#..#..??..#
.#..# #.#
#...#..#.=▒▒?.# #..#
#.# #.#.#..#S(▒▒(.#
#..# #.#


You could see an adder (corona).


Message History

The adder is moderately wounded.
The adder closely misses you.
You miss the adder.
The adder is moderately wounded.
The adder bites you.
* * * LOW HITPOINT WARNING * * *
You hit the adder.
The adder is heavily wounded.
The adder bites you.
* * * LOW HITPOINT WARNING * * *
You miss the adder.
The adder is moderately wounded.
The adder misses you. x2
You hit the adder but do no damage.
The adder is moderately wounded.
The adder misses you.
Casting: Corona (safe; 2% risk of failure)
Confirm with . or Enter, or press ? or * to list all spells.
Aiming: Corona (safe; 2% risk of failure)
Press: ? - help, Shift-Dir - straight line, f/p - adder
Aim: an adder (moderately wounded, chance to affect: 66%)
The adder is outlined in light.
The adder completely misses you.
You hit the adder.
The adder is severely wounded.
The adder bites you.
* * * LOW HITPOINT WARNING * * *
You hit the adder. Your bite misses the adder.
The adder is severely wounded.
The adder bites you.
You die...

Skill      XL: |  1  2  3  4 |
---------------+-------------+-----
Stealth        | 5 |  5.2
Hexes          | 5 |  5.1
Short Blades   | 2 |  2.1
Fighting       | 1 |  1.0
Dodging        | |  2.9
Spellcasting   | |  2.2

Action                   |  1- 3 |  4- 6 || total
-------------------------+-------+-------++-------
Melee: Dagger            |    62 |    16 ||    78
       Bite              |     2 |     1 ||     3
 Cast: Corona            |     5 |     2 ||     7
       Ensorcelled Hiber |    19 |     6 ||    25
 Abil: Exsanguinate      |     1 |       ||     1
  Use: Scroll            |     1 |       ||     1
 Stab: Sleeping          |    39 |     3 ||    42
Armor: Robe              |     7 |     1 ||     8
Dodge: Dodged            |    23 |    18 ||    41

Levels and vault maps discovered:
D:1:      dpeg_arrival_tiny_a, layout_basic
D:2:      layout_basic, old_standard_altar, general_overflow_altar,
          minmay_randomly_rotated_circles

Notes
Turn   | Place    | Note
-------+----------+-------------------------------------------
     0 | D:1      | infcreate the Vampire Enchanter began the quest for the
                  | Orb.
     0 | D:1      | Reached XP level 1. HP: 13/13 MP: 3/3
   116 | D:1      | Reached XP level 2. HP: 14/15 MP: 3/5
   171 | D:1      | Learned a level 2 spell: Ensorcelled Hibernation
   458 | D:1      | Reached XP level 3. HP: 20/20 MP: 4/6
   547 | D:1      | Reached skill level 5 in Stealth
   904 | D:2      | Reached skill level 5 in Hexes
  1085 | D:1      | Reached skill level 2 in Short Blades
  1090 | D:1      | Learned a level 3 spell: Confusing Touch
  1450 | D:2      | Reached XP level 4. HP: 24/24 MP: 7/7
  1461 | D:2      | Reached skill level 1 in Fighting
  1563 | D:2      | HP: 1/25 [adder (2)]
  1564 | D:2      | Slain by an adder

Vanquished Creatures
  2 adders (D:2)
  An ooze (D:1)
  3 worms (D:2)
  2 dart slugs
  6 bats
  2 giant cockroaches
  7 goblins
  9 hobgoblins
  4 kobolds
  A quokka (D:2)
  A ball python (D:2)
  4 frilled lizards
  5 rats
47 creatures vanquished.

Table legend: (Time is in decaauts)
 A = Elapsed time spent in this place.
 B = Non-inter-level travel time spent in this place.
 C = Inter-level travel time spent in this place.
 D = Time resting spent in this place.
 E = Time spent auto-exploring this place.
 F = Levels seen in this place.
 G = Mean time per level.
                   A        B        C        D        E       F      G
               +--------+--------+--------+--------+--------+-----+--------+
         Total |   1559 |   1479 |     80 |    257 |    130 |   2 |  779.5 |
       Dungeon |   1559 |   1479 |     80 |    257 |    130 |   2 |  779.5 |
               +--------+--------+--------+--------+--------+-----+--------+

Top non-repeatable levels by time:
     D:1: 902 daAuts
     D:2: 656 daAuts

Table legend:
 A = Non-vault XP
 B = Vault XP
 C = Vault XP percentage of total XP
 D = Non-vault monster count
 E = Vault monster count
 F = Vault count percentage of total count
                 A         B        C        D         E       F
            +---------+---------+-------+---------+---------+-------
      Total |      88 |      32 |  26.7 |      43 |       4 |   8.5
            +---------+---------+-------+---------+---------+-------
        D:1 |      51 |       0 |   0.0 |      26 |       0 |   0.0
        D:2 |      37 |      32 |  46.4 |      17 |       4 |  19.0
            +---------+---------+-------+---------+---------+-------
